 Dungeon Crawl Stone Soup version 0.27.1 (webtiles) character file.

Game seed: 14279860747311470462

1082 ZARRMARR the Sneak (level 8, -4/50 HPs)
             Began as an Octopode Transmuter on Sept 2, 2021.
             Was an Initiate of Sif Muna.
             Slain by a wyvern (6 damage)
             ... on level 7 of the Dungeon.
             The game lasted 00:22:02 (11111 turns).

ZARRMARR the Sneak (Octopode Transmuter)           Turns: 11111, Time: 00:22:03

Health: -4/50      AC:  1    Str:  9    XL:     8   Next: 30%
Magic:  14/14      EV: 14    Int: 17    God:    Sif Muna [......]
Gold:   787        SH:  0    Dex: 13    Spells: 14/15 levels left

rFire    . . .     SeeInvis .     - Unarmed
rCold    . . .     Faith    .   (no shield)
rNeg     . . .     Spirit   .   (helmet currently unavailable)
rPois    .         Reflect  .   (no amulet)
rElec    .         Harm     .   (no ring)
rCorr    .         Rampage  .   (no ring)
Will     .....                  (no ring)
Stlth    ++++......             (no ring)
HPRegen  0.16/turn              (no ring)
MPRegen  0.14/turn              (no ring)
                                (no ring)
                                (no ring)

@: appendages (expiring)
A: tentacle spike 3, almost no armour, amphibious, 8 rings, camouflage 1,
gelatinous body 1, (nimble swimmer 1), tentacles
a: End Transformation, Renounce Religion


You were on level 7 of the Dungeon.
You worshipped Sif Muna.
Sif Muna was noncommittal.
One of your tentacles had grown a beastly spike.
You visited 2 branches of the dungeon, and saw 8 of its levels.

You collected 809 gold pieces.
You spent 22 gold pieces at shops.

Inventory:

Missiles
 b - 28 poisoned darts (quivered)
Scrolls
 a - a scroll of brand weapon {unknown}
 g - a scroll of holy word {unknown}
 h - a scroll of enchant armour {unknown}
Potions
 c - a potion of resistance
 d - a potion of invisibility
 e - a potion of mutation {unknown}
 f - a potion of magic {unknown}
 i - a potion of curing {unknown}
 j - 2 potions of degeneration {unknown}
 k - a potion of attraction {unknown}


   Skills:
 + Level 2.1 Fighting
 * Level 4.2 Dodging
 * Level 5.9 Stealth
 + Level 5.7 Unarmed Combat
 + Level 4.0 Spellcasting
 + Level 4.0 Transmutations


You had 14 spell levels left.
You knew the following spells:

 Your Spells              Type           Power      Damage    Failure   Level
a - Beastly Appendage     Tmut           34%        N/A       3%          1

Your spell library contained the following spells:

 Spells                   Type           Power      Damage    Failure   Level
 Wereblood                Tmut           17%        N/A       4%          2
 Foxfire                  Conj/Fire      12%        2x1d4     16%         1
 Spider Form              Tmut/Pois      5%         N/A       21%         3
 Conjure Flame            Conj/Fire      3%         6-21      43%         3
 Inner Flame              Hex/Fire       3%         N/A       43%         3
 Ice Form                 Ice/Tmut       10%        N/A       56%         4


Dungeon Overview and Level Annotations

Branches:
Dungeon (7/15)             Temple (1/1) D:5

Altars:
Ashenzari
Cheibriados
Dithmenos
Elyvilon
Fedhas
Hepliaklqana
Kikubaaqudgha
Makhleb
Nemelex Xobeh
Okawaru
Qazlal
Ru
Sif Muna
Trog
Uskayaw
Vehumet
Wu Jian
Xom
Yredelemnul
Zin
The Shining One

Shops:
D:4 **   D:5 (   D:7 (


Innate Abilities, Weirdness & Mutations

One of your tentacles has grown a beastly spike.
You cannot wear most types of armour.
You are amphibious.
You can wear up to eight rings at the same time.
Your skin changes colour to match your surroundings (Stealth+).
Your rubbery body absorbs attacks. (AC +1, EV +1)
((You are camouflaged near water. (Stealth+)))
You have tentacles for arms and can constrict up to eight enemies at once.


Message History

Found 8 gold pieces.
Found an escape hatch in the ceiling.
The helpless wyvern fails to defend itself.
You tentacle-slap the wyvern. You squeeze the wyvern.
The wyvern is moderately wounded.
The wyvern bites you!
You closely miss the wyvern.
You pierce the wyvern.
The wyvern is heavily wounded.
The wyvern barely misses you.
You barely miss the wyvern.
Your tentacle spike misses the wyvern.
The wyvern is heavily wounded.
Your transformation is almost over.
The wyvern bites you! The wyvern misses you.
You tentacle-slap the wyvern.
Your tentacle spike misses the wyvern.
The wyvern is heavily wounded.
The wyvern closely misses you.
You tentacle-slap the wyvern but do no damage.
The wyvern is heavily wounded.
The wyvern bites you!!
* * * LOW HITPOINT WARNING * * *
The wyvern barely misses you.
You closely miss the wyvern.
The wyvern is heavily wounded.
The wyvern misses you.
You tentacle-slap the wyvern but do no damage.
You pierce the wyvern, but do no damage.
The wyvern is heavily wounded.
The wyvern closely misses you.
You closely miss the wyvern.
The wyvern is heavily wounded.
The wyvern closely misses you. The wyvern bites you!
* * * LOW HITPOINT WARNING * * *
Unknown command.
You bludgeon the wyvern!
The wyvern is almost dead.
The wyvern barely misses you.
You tentacle-slap the wyvern but do no damage.
You squeeze the wyvern.
The wyvern is almost dead.
The wyvern bites you.
You die...

##8#..8........#
#..............#
8.>.∩.<.8...#...
#.......##..#.#######
##8###8###..#.#.....
## ### #....#...#
#.#..#...#
###.#..#...##<#.#
..........@l......
####.##.....###..#
#.#..........
#.#.$.........
#..(...........
######...##.... .....
.... #.$.#. ...


You could see a wyvern.

Vanquished Creatures
  A sky beast (D:7)
  2 black bears (D:6)
  2 necrophages
  2 ogres
  A bullfrog (D:7)
  A water moccasin skeleton (D:6)
  A centaur zombie (D:6)
  A bullfrog zombie (D:5)
  A hound (D:6)
  A centaur skeleton (D:6)
  An iguana (D:4)
  An orc wizard (D:6)
  A scorpion zombie (D:5)
  2 howler monkey zombies (D:6)
  5 adders
  An ufetubus (D:6)
  3 worms
  2 dart slugs
  9 orcs
  4 endoplasms
  A giant cockroach (D:3)
  8 goblins
  7 hobgoblins
  3 kobolds
  4 quokkas
  6 ball pythons
  7 bats
  3 frilled lizards (D:1)
  2 rats (D:2)
83 creatures vanquished.

Notes
Turn   | Place    | Note
-------+----------+-------------------------------------------
     0 | D:1      | ZARRMARR the Octopode Transmuter began the quest for the
                  | Orb.
     0 | D:1      | Reached XP level 1. HP: 13/13 MP: 3/3
   556 | D:1      | Reached XP level 2. HP: 18/18 MP: 3/5
   917 | D:1      | Found a faded altar of an unknown god.
  1250 | D:1      | Reached XP level 3. HP: 22/23 MP: 6/6
  1445 | D:2      | Reached skill level 1 in Stealth
  1805 | D:2      | Found a snail-covered altar of Cheibriados.
  2645 | D:3      | Reached XP level 4. HP: 12/28 MP: 7/7
  2962 | D:3      | Found a sparkling altar of Nemelex Xobeh.
  2962 | D:3      | Found a glowing golden altar of the Shining One.
  2969 | D:3      | Found an ancient bone altar of Kikubaaqudgha.
  2971 | D:3      | Found a faded altar of an unknown god.
  2973 | D:3      | Found a faded altar of an unknown god.
  3755 | D:4      | Found Qoeceac's Specific Store.
  3758 | D:4      | Found Ucsomof's General Store.
  3767 | D:4      | Bought a scroll of identify for 22 gold pieces
  3767 | D:4      | Identified a scroll of acquirement
  3770 | D:4      | Acquired 539 gold pieces
  4153 | D:4      | Noticed a necrophage
  4164 | D:4      | Killed a necrophage
  4165 | D:4      | Reached XP level 5. HP: 29/33 MP: 7/9
  4763 | D:5      | Entered Level 5 of the Dungeon
  4783 | D:5      | Noticed an ogre
  4794 | D:5      | HP: 1/33 [orc (6)]
  5135 | D:5      | Found Funwuown's Weapon Shoppe.
  5144 | D:5      | Reached XP level 6. HP: 23/38 MP: 10/10
  5788 | D:5      | Found a staircase to the Ecumenical Temple.
  6163 | Temple   | Entered the Ecumenical Temple
  6431 | Temple   | Became a worshipper of Sif Muna the Loreminder
  6727 | D:6      | Noticed a black bear
  6766 | D:6      | Reached XP level 7. HP: 2/44 MP: 10/12
  8144 | D:6      | Reached skill level 5 in Unarmed Combat
  8357 | D:6      | Reached skill level 5 in Stealth
  8523 | D:6      | Reached XP level 8. HP: 31/50 MP: 13/13
 10732 | D:7      | Found Araggaxa's Weapon Emporium.
 11098 | D:7      | Noticed a wyvern
 11109 | D:7      | HP: 1/50 [wyvern (13)]
 11111 | D:7      | Slain by a wyvern

Illustrated notes

Levels and vault maps discovered:
D:1:      heliophobic_arrival_enchanted_forest, layout_basic,
          ebering_ecumenical_altar_sacrificial
D:2:      layout_rooms, basic_altar
D:3:      layout_basic, chequers_temple_overflow_minitemple, serial_curves,
          eino_curves_02, eino_curves_02
D:4:      layout_loops_ring, nicolae_specific_store, minmay_distorted
D:5:      layout_basic, minmay_temple_entry_fiery, serial_shops, shop,
          chequers_serial_rivers_micro_c
D:6:      layout_layer_cave, minmay_misc_feat_secret_circle
D:7:      layout_basic, minivault_24, nicolae_stop_n_shop_2
Temple:   dpeg_five_rooms_temple

Skill      XL: |  1  2  3  4  5  6  7  8 |
---------------+-------------------------+-----
Stealth        | 1 3 4 5 |  5.9
Unarmed Combat | 4 5 |  5.7
Dodging        | 3 4 |  4.2
Transmutations | 3 4 |  4.0
Spellcasting   | 3 4 |  4.0
Fighting       | 2 |  2.1

Action                   |  1- 3 |  4- 6 |  7- 9 || total
-------------------------+-------+-------+-------++-------
Melee: Unarmed           |    79 |    88 |    67 ||   234
       Constrict         |    21 |    19 |     9 ||    49
       Kick              |    17 |    25 |    27 ||    69
       Tentacles         |    10 |    17 |    17 ||    44
       Punch             |     1 |     3 |     1 ||     5
Throw: Dart              |       |       |    22 ||    22
 Cast: Beastly Appendage |    26 |    24 |    16 ||    66
  Use: Scroll            |       |     6 |       ||     6
       Potion            |       |     2 |       ||     2
 Stab: Sleeping          |     4 |     8 |     4 ||    16
Armor: Skin              |     3 |    12 |     2 ||    17
Dodge: Dodged            |    37 |    32 |    47 ||   116
